 Dungeon Crawl Stone Soup version 0.30-a0-364-gf6b3ef1049 (webtiles) character file.

Game seed: 10161255178498625147

7008 tangygnat the Carver (level 10, -3/91 HPs)
             Began as a Green Draconian Brigand on Nov 14, 2022.
             Was the Champion of Zin.
             Slain by a wyvern (8 damage)
             ... on level 9 of the Dungeon.
             The game lasted 01:20:17 (8801 turns).

tangygnat the Carver (Green Draconian Brigand)      Turns: 8801, Time: 01:20:17

Health: -3/91      AC:  9    Str: 21    XL:     10   Next: 82%
Magic:  10/10      EV: 14    Int: 11    God:    Zin [******]
Gold:   871        SH:  0    Dex: 13    Spells: 6/9 levels left

rFire   + . .      SeeInvis +    v - +11 long sword of Eternal War {flame, +Blink rF+ Dex-3 SInv}
rCold   . . .      Faith    .    (no shield)
rNeg    . . .      Spirit   .    (body armour unavailable)
rPois   +          Reflect  .    (helmet restricted)
rElec   +          Harm     .    b - +1 cloak {TGT}
rCorr   .          Rampage  .    (no gloves)
Will    .....                    (no boots)
Stlth   +++.......               (no amulet)
HPRegen 0.35/turn                e - ring of Joget {rElec Str+6}
MPRegen 0.12/turn                w - ring of flight

@: on blink cooldown, flying
A: breathe noxious fumes, AC +7, unfitting armour, poison resistance,
cold-blooded
a: Breathe Noxious Fumes, Renounce Religion, Evoke Blink, Recite, Vitalisation,
Imprison, Sanctuary, Donate Gold


You were on level 9 of the Dungeon.
You worshipped Zin.
Zin was exalted by your worship.
You visited 1 branch of the dungeon, and saw 8 of its levels.
You also visited: Ossuary.

You collected 967 gold pieces.
You donated 96 gold pieces to Zin.

Inventory:

Hand Weapons
 a - a +2 dagger
 l - a +6 longbow of flaming
 v - the +11 long sword of Eternal War (weapon) {flame, +Blink rF+ Dex-3 SInv}
   (You found it on level 4 of the Dungeon)

   It burns those it strikes, dealing additional fire damage.
   Big, fiery blades are also staple armaments of hydra-hunters.
   Dex:       It affects your dexterity (-3).
   rF:        It protects you from fire.
   SInv:      It lets you see invisible.
   +Blink:    It lets you blink.
Missiles
 c - 25 poisoned darts (quivered)
 d - 4 curare-tipped darts
 h - 106 stones
Armour
 b - a +1 cloak (worn) {TGT}
 E - a +0 pair of gloves
Magical Staves
 J - a staff of cold
Jewellery
 e - the ring of Joget (left hand) {rElec Str+6}
   (You acquired it on level 4 of the Dungeon)

   [ring of strength]

   Str:       It affects your strength (+6).
   rElec:     It insulates you from electricity.
 r - a ring of magical power
 w - a ring of flight (right hand)
 I - a ring of wizardry
Wands
 u - a wand of digging (4)
 C - a wand of flame (12)
 D - a wand of mindburst (3)
Scrolls
 m - 2 scrolls of fear {unknown}
 q - 7 scrolls of teleportation
 s - a scroll of identify
 t - 3 scrolls of poison
 y - a scroll of magic mapping
 z - a scroll of fog
 A - 2 scrolls of enchant armour
 G - a scroll of amnesia {unknown}
 H - a scroll of silence {unknown}
Potions
 f - 4 potions of attraction
 g - 2 potions of might {unknown}
 i - 8 potions of curing {unknown}
 j - 2 potions of heal wounds
 k - 5 potions of lignification {unknown}
 n - a potion of mutation {unknown}
 o - a potion of resistance {unknown}
 p - 2 potions of magic {unknown}
 x - 3 potions of flight {unknown}
 B - a potion of invisibility {unknown}
 F - a potion of ambrosia {unknown}


   Skills:
 + Level 9.0 Fighting
 + Level 2.1(9.2) Short Blades
 - Level 13.9(14.0) Long Blades
 + Level 3.2 Ranged Weapons
 + Level 1.9 Throwing
 + Level 6.5 Dodging
 + Level 7.1 Stealth
 + Level 0.7 Invocations


You had 6 spell levels left.
You knew the following spells:

 Your Spells              Type           Power      Damage    Failure   Level
a - Summon Guardian Gole  Hex/Summ       0%         N/A       71%         3

Your spell library contained the following spells:

 Spells                   Type           Power      Damage    Failure   Level
 Sting                    Tmut/Pois      0%         1d3       34%         1
 Poisonous Vapours        Pois/Air       0%         N/A       47%         2
 Olgreb's Toxic Radiance  Pois           0%         N/A       98%         4
 Orb of Destruction       Conj           0%         9d5       100%        7
 Spellforged Servitor     Conj/Summ      0%         N/A       100%        7


Dungeon Overview and Level Annotations

Branches:
Dungeon (9/15)             Temple (0/1) D:7            Lair (0/5) D:9
Ossuary (visited)
    Orc: D:9-12

Altars:
Dithmenos
Elyvilon
Fedhas
Nemelex Xobeh
Okawaru
Sif Muna
Trog
Uskayaw
Xom
Zin

Shops:
D:4 !   D:7 (


Innate Abilities, Weirdness & Mutations

You can breathe blasts of noxious fumes.
Your lurid green scales are hard. (AC +7)
You cannot fit into any form of body armour.
Your system is resistant to poisons. (rPois)
You are cold-blooded and may be slowed by cold attacks.


Message History

The yak attacks as you move away! The yak misses you.
The yak attacks as you move away! The yak barely misses you.
The yak attacks as you move away! The yak gores you!
The yak attacks as you move away! The yak gores you.
The yak attacks as you move away! The yak barely misses you.
The yak attacks as you move away! The yak gores you.
The yak attacks as you move away! The yak closely misses you.
The wyvern attacks as you move away! The wyvern bites you.
The yak attacks as you move away! The yak closely misses you.
The yak attacks as you move away! The yak gores you but does no damage.
The wyvern attacks as you move away! The wyvern misses you.
The wyvern closely misses you.
You completely miss the yak. The wyvern misses you.
The yak gores you but does no damage.
You barely miss the yak. The wyvern closely misses you. The yak gores you!
You hit the yak. You burn the yak.
The yak is lightly wounded.
The wyvern bites you but does no damage.
The yak closely misses you. The wyvern bites you! The yak closely misses you.
The yak attacks as you move away! The yak gores you.
The wyvern attacks as you move away! The wyvern closely misses you.
The wyvern misses you.
There is a stone staircase leading up here.
The wyvern attacks as you move away! The wyvern misses you.
The yak attacks as you move away! The yak misses you. The yak gores you.
The yak attacks as you move away! The yak barely misses you.
The yak attacks as you move away! The yak gores you! The wyvern bites you!
* * * LOW HITPOINT WARNING * * *
The yak attacks as you move away! The yak gores you.
* * * LOW HITPOINT WARNING * * *
The yak attacks as you move away! The yak gores you but does no damage.
The yak gores you!
* * * LOW HITPOINT WARNING * * *
The wyvern bites you.
* * * LOW HITPOINT WARNING * * *
The wyvern barely misses you. The yak gores you.
* * * LOW HITPOINT WARNING * * *
You blink.
The wyvern bites you!
You die...

###############
#.............# ###########
#.............# ..........#
#............># ..........#
#....########.# ..........#
#....# #.#
..........####.l@.# #.#
..........Y.Y.....# #.######
............Y.....# #>..[...
######>.....Y.....# #.......
#ยง....Y......########.......
#...<.......................
#..................)........
#...........................
#...............######......


You could see 5 yaks and a wyvern.

Vanquished Creatures
  Joseph (D:9)
  Maurice (D:8)
  A slime creature (D:7)
  16 yaks
  A wyvern (D:9)
  A steam dragon (D:8)
  Edmund (D:5)
  An acid dragon (D:7)
  2 water moccasins
  A sky beast (D:7)
  3 orc warriors
  An ice beast (D:6)
  An ogre (D:4)
  3 black bears
  4 centaurs
  A phantom (D:6)
  4 bullfrogs
  A kobold brigand (D:9)
  3 necrophages
  3 wights (D:8)
  11 killer bees
  A howler monkey (D:6)
  5 jellies
  9 orc priests
  A hound (D:6)
  3 iguanas
  4 orc wizards
  2 mummies
  5 adders
  3 white imps
  A worm (D:4)
  3 dart slugs
  33 orcs
  4 spectral bats (Ossuary)
  3 endoplasms
  6 giant cockroaches (D:2)
  12 gnoll zombies (Ossuary)
  6 goblins
  3 hobgoblins
  3 jackals (D:1)
  A quokka (D:4)
  5 ball pythons
  2 bats (D:2)
  3 bat simulacra (Ossuary)
  A frilled lizard (D:2)
  6 goblin simulacra (Ossuary)
  2 goblin zombies (Ossuary)
  5 hobgoblin zombies
  10 kobolds
  6 kobold simulacra (Ossuary)
  10 kobold zombies (Ossuary)
  3 orc zombies (Ossuary)
  2 rats (D:1)
  2 rat simulacra (Ossuary)
  3 spectral goblins (Ossuary)
  3 spectral kobolds (Ossuary)
  3 spectral rats (Ossuary)
235 creatures vanquished.

Vanquished Creatures (others)
  3 plants (D:7)
3 creatures vanquished.

Grand Total: 238 creatures vanquished

Notes
Turn   | Place    | Note
-------+----------+-------------------------------------------
     0 | D:1      | tangygnat the Draconian Brigand began the quest for the
                  | Orb.
     0 | D:1      | Reached XP level 1. HP: 17/17 MP: 1/1
   151 | D:1      | Reached XP level 2. HP: 12/24 MP: 2/2
   327 | D:1      | Identified 2 scrolls of acquirement
   327 | D:1      | Acquired a +4 longbow of flaming
   830 | D:2      | Reached skill level 1 in Dodging
  1496 | D:2      | Reached XP level 3. HP: 29/29 MP: 3/3
  1506 | D:2      | Found a faded altar of an unknown god.
  1516 | D:2      | Prayed at the altar of an unknown god.
  1516 | D:2      | Became a worshipper of Zin the Law-Giver
  1516 | D:2      | Reached * piety under Zin
  1516 | D:2      | Reached ** piety under Zin
  1668 | D:2      | You fall into a shaft and drop 2 floors!
  1690 | D:4      | Reached skill level 1 in Ranged Weapons
  1740 | D:4      | Identified the +11 long sword of Eternal War {flame, +Blink
                  | rF+ Dex-3 SInv}
  1764 | D:4      | Noticed an ogre
  1766 | D:4      | Reached XP level 4. HP: 21/37 MP: 4/4
  1769 | D:4      | Killed an ogre
  1770 | D:4      | Reached XP level 5. HP: 18/45 MP: 5/5
  1773 | D:4      | Reached skill level 1 in Long Blades
  1832 | D:4      | Found Zickemou's Distillery.
  2022 | D:4      | Found a sand-covered staircase.
  2030 | Ossuary  | Entered an ossuary
  2175 | Ossuary  | Reached *** piety under Zin
  2305 | Ossuary  | Reached XP level 6. HP: 51/51 MP: 6/6
  2578 | Ossuary  | Reached skill level 2 in Long Blades
  2590 | Ossuary  | Reached **** piety under Zin
  2750 | D:4      | Found a white marble altar of Elyvilon.
  3136 | D:4      | Acquired a manual of Long Blades
  3142 | D:4      | Acquired the ring of Joget {rElec Str+6}
  3143 | D:4      | Acquired 543 gold pieces
  3150 | D:4      | Reached ***** piety under Zin
  3296 | D:5      | Entered Level 5 of the Dungeon
  3302 | D:5      | Reached skill level 3 in Long Blades
  3367 | D:5      | Reached skill level 4 in Long Blades
  3419 | D:5      | Your scales start taking on a lurid green colour.
  3419 | D:5      | Reached XP level 7. HP: 58/58 MP: 7/7
  3419 | D:5      | Gained mutation: Your system is resistant to poisons.
                  | (rPois) [Green Draconian growth]
  3462 | D:5      | Reached skill level 5 in Long Blades
  3473 | D:5      | Reached skill level 5 in Stealth
  3477 | D:5      | Reached skill level 6 in Long Blades
  3798 | D:5      | Noticed Edmund
  3809 | D:5      | Killed Edmund
  3810 | D:5      | Reached skill level 7 in Long Blades
  4021 | D:5      | Found a blossoming altar of Fedhas.
  4044 | D:6      | Reached XP level 8. HP: 63/67 MP: 8/8
  4101 | D:6      | Reached skill level 8 in Long Blades
  4155 | D:6      | Reached skill level 5 in Fighting
  4306 | D:6      | Reached skill level 9 in Long Blades
  4329 | D:6      | Found an iron altar of Okawaru.
  4359 | D:6      | Reached skill level 10 in Long Blades
  4437 | D:6      | Found a shimmering altar of Xom.
  4572 | D:6      | Found a sparkling altar of Nemelex Xobeh.
  4714 | D:7      | Found Wycufid's Weapon Shop.
  4722 | D:7      | Found a staircase to the Ecumenical Temple.
  4756 | D:7      | Noticed a slime creature
  4766 | D:7      | Killed a slime creature
  4767 | D:7      | Reached XP level 9. HP: 59/75 MP: 9/9
  4782 | D:7      | Learned a level 3 spell: Summon Guardian Golem
  4797 | D:7      | Reached skill level 11 in Long Blades
  4816 | D:7      | Found a bloodstained altar of Trog.
  5298 | D:7      | Reached skill level 12 in Long Blades
  5384 | D:7      | Noticed a +0 dagger
  5386 | D:7      | Found a hide-covered altar of Uskayaw.
  5386 | D:7      | Noticed a +0 dagger
  5609 | D:8      | Reached skill level 13 in Long Blades
  5614 | D:8      | HP: 2/79 [yak (7)]
  5920 | D:8      | Found a shadowy altar of Dithmenos.
  6056 | D:8      | Found a flagged portal.
  6099 | D:8      | Reached ****** piety under Zin
  6148 | D:8      | Reached XP level 10. HP: 85/86 MP: 10/10
  6361 | D:8      | Noticed Maurice
  6388 | D:8      | Killed Maurice
  6389 | D:8      | Reached skill level 5 in Dodging
  7407 | D:9      | Noticed Joseph
  7526 | D:9      | Killed Joseph
  7739 | D:9      | Found a shimmering blue altar of Sif Muna.
  8553 | D:9      | Found a glowing silver altar of Zin.
  8740 | D:9      | Found a staircase to the Lair.
  8795 | D:9      | HP: 3/91 [yak (3)]
  8801 | D:9      | Slain by a wyvern

Illustrated notes

Levels and vault maps discovered:
D:1:      psy_arrival_fountain, layout_rooms
D:2:      wander_river, layout_basic, basic_ecumenical_altar,
          minmay_misc_feat_doors, minmay_worlds_worst_comb
D:4:      layout_loops_ring, old_standard_altar, nicolae_ossuary_entry_giza,
          serial_shops, nicolae_shop_behind_doors
D:5:      layout_cave_pools, general_overflow_altar, uniq_edmund
D:6:      layout_rooms, mainiacjoe_overflow_catch_the_wave, lemuel_crystal_altar
D:7:      layout_loops_cross, dancing_weapons_uskayaw,
          mainiacjoe_overflow_cross_hatched, minmay_temple_entry_sparse_star,
          serial_shops, nicolae_shop_bloodbath_and_beyond, minmay_microvault
D:8:      layout_basic, nicolae_dithmenos_shadow_blocks, enter_bailey_3,
          columned_hall_lemuel, lemuel_flame_loot_1, uniq_maurice
D:9:      layout_irregular_city, lemuel_crystal_altar,
          grunt_temple_overflow_open, minmay_orc_entry_temple_small,
          serial_rivers, chequers_serial_rivers_small_3,
          chequers_serial_rivers_micro_c, chequers_serial_rivers_micro_a,
          chequers_serial_rivers_small_3, chequers_serial_rivers_micro_c,
          minmay_sticks_and_stones

Skill      XL: |  1  2  3  4  5  6  7  8  9 10 |
---------------+-------------------------------+-----
Stealth        | 4 5 6 7 |  7.1
Dodging        | 1 2 3 4 6 |  6.5
Ranged Weapons | 2 3 |  3.2
Fighting       | 3 4 5 7 9 |  9.0
Long Blades    | 1 4 7 10 13 | 13.9
Short Blades   | |  2.1
Throwing       | |  1.9
Invocations    | |  0.7

Action                   |  1- 3 |  4- 6 |  7- 9 | 10-12 || total
-------------------------+-------+-------+-------+-------++-------
Melee: Dagger            |    14 |       |       |       ||    14
       Tailslap          |     4 |     9 |    26 |    14 ||    53
       Long sword        |     6 |   148 |   178 |   122 ||   454
       Punch             |       |       |     1 |     2 ||     3
 Fire: Longbow           |    46 |       |       |       ||    46
Throw: Dart              |     7 |       |       |       ||     7
Invok: Vitalisation      |       |       |     1 |       ||     1
 Abil: Breathe Noxious F |       |       |       |     2 ||     2
       Evoke Blink       |       |       |       |     1 ||     1
  Use: Scroll            |     5 |     5 |     6 |       ||    16
       Potion            |       |       |     1 |       ||     1
 Stab: Sleeping          |     1 |    16 |     2 |     2 ||    21
       Confused          |       |       |       |     1 ||     1
Armor: Skin              |    50 |    51 |    71 |    41 ||   213
Dodge: Dodged            |    46 |    75 |   143 |   151 ||   415

Table legend: (Time is in decaauts)
 A = Elapsed time spent in this place.
 B = Non-inter-level travel time spent in this place.
 C = Inter-level travel time spent in this place.
 D = Time resting spent in this place.
 E = Time spent auto-exploring this place.
 F = Levels seen in this place.
 G = Mean time per level.
                   A        B        C        D        E       F      G
               +--------+--------+--------+--------+--------+-----+--------+
         Total |   8834 |   8296 |    538 |   1447 |      0 |   9 |  981.6 |
       Dungeon |   8166 |   7628 |    538 |   1347 |      0 |   8 | 1020.8 |
       Ossuary |    668 |    668 |      0 |    100 |      0 |   1 |  668.0 |
               +--------+--------+--------+--------+--------+-----+--------+

Top non-repeatable levels by time:
     D:9: 1632 daAuts
     D:8: 1567 daAuts
     D:2: 1109 daAuts
     D:4: 1005 daAuts
     D:7: 826 daAuts
     D:5: 745 daAuts
     D:6: 673 daAuts
 Ossuary: 668 daAuts
     D:1: 605 daAuts
